 Dungeon Crawl Stone Soup version 0.32-a0-22-g6ae6769602 (webtiles) character file.

Game seed: 2913350602635590921

1747 kae the Geomancer (level 9, 0/45 HPs)
             Began as a Gargoyle Earth Elementalist on Jan 18, 2024.
             Slain by a steam dragon (2 damage)
             ... on level 6 of the Dungeon.
             The game lasted 00:08:31 (7407 turns).

kae the Geomancer (Gargoyle Earth Elementalist)     Turns: 7407, Time: 00:08:32

Health: 0/45       AC:  8    Str: 12    XL:     9   Next: 6%
Magic:  7/18       EV: 16    Int: 20    God:
Gold:   274        SH:  5    Dex: 10    Spells: 5/20 levels left

rFire   . . .        t - +0 whip
rCold   . . .        (no shield)
rNeg    + . .        a - +0 robe
rPois   ∞            j - +0 mask of the Dragon {Will+ Slay+3 SInv}
rElec   +            (no cloak)
rCorr   +            (no gloves)
SInv    +            (no boots)
Will    +....        h - amulet of reflection
Stlth   ++           R - ring of resist corrosion
HPRegen 0.27/turn    E - +5 ring of evasion
MPRegen 0.16/turn

%: reflection
@: no status effects
A: sickness immunity, AC +6, negative energy resistance 1, electricity
resistance, torment resistance 1, petrification resistance
a: no special abilities


You were on level 6 of the Dungeon.
You visited 2 branches of the dungeon, and saw 8 of its levels.
You also visited: Sewer.

You collected 274 gold pieces.


Innate Abilities, Weirdness & Mutations

You are immune to sickness and miasma.
Your stone body is resilient. (AC +6)
You are immune to poison.
You resist negative energy. (rN+)
You are resistant to electric shocks. (rElec)
You are resistant to unholy torment.
You are immune to petrification.


   Skills:
 - Level 1.5 Dodging
 - Level 2.1 Stealth
 + Level 6.2 Spellcasting
 + Level 7.2 Conjurations
 + Level 8.6 Earth Magic


You had 5 spell levels left.
You knew the following spells:

 Your Spells              Type           Power      Damage    Failure   Level
a - Sandblast             Erth           80%        2d17      1%          1
b - Stone Arrow           Conj/Erth      76%        3d11      1%          3
c - Brom's Barrelling Bo  Conj/Erth      38%        2d6       3%          4
d - Petrify               Alch/Erth      23%        N/A       17%         4
e - Passwall              Erth           40%        N/A       1%          3

Your spell library contained the following spells:

 Spells                   Type           Power      Damage    Failure   Level
 Fulminant Prism          Conj/Alch      10%        3d8       22%         4
 Iskenderun's Mystic Bla  Conj/Tloc      20%        2d6       22%         4
 Volatile Blastmotes      Fire/Tloc      12%        2d11      30%         3

Inventory:

Hand Weapons
 t - a +0 whip (weapon)
   (You took it off a gnoll on level 6 of the Dungeon)
Missiles
 c - 54 stones
 e - 6 boomerangs
 o - 5 poisoned darts
 v - 2 throwing nets {=f!f}
Armour
 a - a +0 robe (worn)
 j - the +0 mask of the Dragon (worn) {Will+ Slay+3 SInv}
   (You found it on level 2 of the Dungeon)

   Slay+3:    It affects your accuracy & damage with ranged weapons and melee
   (+3).
   Will+:     It increases your willpower.
   SInv:      It lets you see invisible.
Magical Staves
 l - a staff of death {!a}
   (You found it on level 4 of the Dungeon)
Jewellery
 h - an amulet of reflection (around neck)
   (You found it on level 1 of the Dungeon)
 E - a +5 ring of evasion (right hand)
   (You found it on level 2 of the Dungeon)
 L - a ring of flight
   (You found it on level 2 of the Dungeon)
 R - a ring of resist corrosion (left hand)
   (You found it on level 1 of the Dungeon)
 W - a ring of magical power
   (You took it off a gnoll on level 6 of the Dungeon)
Wands
 n - a wand of mindburst (6)
   (You found it on level 3 of the Dungeon)
 p - a wand of light (9)
   (You found it on level 6 of the Dungeon)
 u - a wand of iceblast (4)
   (You found it in a sewer)
 w - a wand of flame (17)
   (You found it on level 6 of the Dungeon)
Scrolls
 d - 7 scrolls of teleportation {@r4}
 g - a scroll of enchant weapon
 i - 3 scrolls of fear
 r - 2 scrolls of vulnerability {!r!r}
Potions
 b - 3 potions of magic
 f - a potion of might
 k - 5 potions of enlightenment
 m - a potion of invisibility
 q - 2 potions of heal wounds {@q2}
 s - a potion of degeneration {!q}

Dungeon Overview and Level Annotations

Branches:
Dungeon (7/15) Zot: 26992  Temple (1/1) D:5 Zot: 5941   Sewer (visited)

Altars:
Ashenzari
Cheibriados
Dithmenos
Elyvilon
Gozag
Hepliaklqana
Kikubaaqudgha
Makhleb
Nemelex Xobeh
Okawaru
Qazlal
Ru
Sif Muna
Trog
Uskayaw
Wu Jian
Xom
Yredelemnul
Zin
The Shining One

#..###....## ##### #..
##.######..####...# #..
#...###.....))...#############..
###.#..##########....##.....##..
#.).##~.~~~~~~~..#............
##..###########....##.....#...
#..# #...###........#... ##.#
##)## ####......... #)#
#######@#### #........#
#.###.....Dz...# #.....##..
####..##.####..##.# #.....####
#.....#........##[####.....#
#.###.#........##...##.....# #.#
#.#........####..###.#### ##.#
#..........# ##........## ##..#
#..........#########.##..##
#...#
#.#........##.............#


You could see a steam dragon and a wight.


Message History

Confirm with . or Enter, or press ? or * to list all spells.
You can't see any susceptible monsters within range! (Use Z to cast anyway.)
Casting: Stone Arrow (safe; 1% risk of failure)
Confirm with . or Enter, or press ? or * to list all spells.
You can't see any susceptible monsters within range! (Use Z to cast anyway.)
Okay, then.
v - 2 throwing nets {=f!f} (gained 1)
There is a stone staircase leading up here.
c - 54 stones (gained 8)
Items here: )) [ ††.
d - 7 scrolls of teleportation {@r4} (gained 1)
Found a stone staircase leading down. 😎 MP[+13]
Your mp is fully restored (18).
Key pressed, stopping explore.
Unknown command.
There is an escape hatch in the ceiling here.
You now have 265 gold pieces (gained 16).
Found a stone staircase leading down.
There is a stone staircase leading down here.
Found a stormy altar of Qazlal.
Found a shimmering blue altar of Sif Muna.
w - a wand of flame (17)
Found an escape hatch in the floor.
You now have 274 gold pieces (gained 9).
There is a stone staircase leading down here.
Items here: ))))) [.
Done exploring.
Done exploring.
Done exploring.
Done exploring.
Done exploring.
Unknown command.
Unknown command.
There is a stone staircase leading down here.
Items here: ))))) [.
You climb downwards.
The steam dragon hisses angrily.
There is a stone staircase leading up here.
There are monsters nearby!
Okay, then.
Casting: Stone Arrow (safe; 1% risk of failure)
Confirm with . or Enter, or press ? or * to list all spells.
Aiming: Stone Arrow (safe; 1% risk of failure)
Press: ? - help, Shift-Dir - straight line, f - wight
Aim: a wight, wielding a +3 dire flail and wearing a +0 robe (74% to hit)
The stone arrow misses the wight.
A wight comes into view. It is wielding a +0 battleaxe.
The wight closely misses you. 😎 MP[-3]
You lost 3 mp, and now have 15/18 mp.
You block the wight's attack.
The steam dragon bites you but does no damage.
The steam dragon barely misses you.
The wight hits you with a +3 dire flail!
You climb upwards.
There is a stone staircase leading down here.
Items here: ))))) [. 😮 HP[-12]
You take 12 damage, and now have 33/45 hp.
MASSIVE DAMAGE!! (PAUSE)
Casting: Stone Arrow (safe; 1% risk of failure)
Confirm with . or Enter, or press ? or * to list all spells.
Aiming: Stone Arrow (safe; 1% risk of failure)
Press: ? - help, Shift-Dir - straight line, f - wight
Aim: a wight, wielding a +3 dire flail and wearing a +0 robe (74% to hit)
The stone arrow hits the wight!
The wight completely misses you. The steam dragon breathes steam at you.
The ball of steam hits you!
* * * LOW HITPOINT WARNING * * *
The wight barely misses you. 😨 HP[-14] MP[-3]
You take 14 damage, and now have 19/45 hp.
MASSIVE DAMAGE!! (PAUSE)
You lost 3 mp, and now have 12/18 mp.
Casting: Stone Arrow (safe; 1% risk of failure)
Confirm with . or Enter, or press ? or * to list all spells.
Aiming: Stone Arrow (safe; 1% risk of failure)
Press: ? - help, Shift-Dir - straight line, f/p - wight
Aim: a wight, wielding a +3 dire flail and wearing a +0 robe (severely damaged, 74% to hit)
The stone arrow hits the wight!!
You destroy the wight!
You are engulfed in a cloud of scalding steam.
* * * LOW HITPOINT WARNING * * *
The steam dragon bites you but does no damage.
The steam dragon closely misses you.
The wight barely misses you. 😨 HP[-6] MP[-3]
You take 6 damage, and now have 13/45 hp.
You lost 3 mp, and now have 9/18 mp.
Unknown command.
Casting: Stone Arrow (safe; 1% risk of failure)
Confirm with . or Enter, or press ? or * to list all spells.
Aiming: Stone Arrow (safe; 1% risk of failure)
Press: ? - help, Shift-Dir - straight line, f - wight
Aim: a wight, wielding a +0 scimitar and wearing a +0 robe (74% to hit)
The stone arrow misses the wight.
You are engulfed in a cloud of scalding steam.
* * * LOW HITPOINT WARNING * * *
The steam dragon bites you.
You die...

Skill      XL: |  1  2  3  4  5  6  7  8 |
---------------+-------------------------+-----
Earth Magic    | 4 5 6 7 8 |  8.6
Conjurations   | 2 3 4 5 7 |  7.2
Spellcasting   | 3 4 6 |  6.2
Dodging        | |  1.5
Stealth        | |  2.1

Action                     |  1- 3 |  4- 6 |  7- 9 || total
---------------------------+-------+-------+-------++-------
  Melee: Unarmed           |    10 |    19 |     3 ||    32
   Cast: Sandblast         |    44 |   130 |    80 ||   254
         Stone Arrow       |       |       |    48 ||    48
    Use: Scroll            |     2 |     9 |     2 ||    13
 Armour: Robe              |    25 |    28 |    41 ||    94
  Dodge: Dodged            |    11 |    42 |    58 ||   111
  Block: Other             |       |    12 |    15 ||    27
         Reflection        |       |     2 |     1 ||     3

Levels and vault maps discovered:
D:1:      scummos_arrival_hexagon, layout_loops_ring, due_unseen_surprise
D:2:      minmay_roachtagon, layout_basic, fountainhead, uniq_jessica
D:3:      layout_loops_corners, shapermc_ecumenical_altar_pompeii,
          hangedman_decor_points
D:4:      layout_layer_cave, evilmike_ruin_ashenzari
D:5:      layout_basic, lemuel_doored_altar, minmay_temple_entry_large_hall
D:6:      layout_rooms, grunt_temple_overflow_open, portal_sewer_entry_d
D:7:      layout_loops_ring, grunt_ministairs_5, hangedman_abyss_or_decor_slice,
          minivault_25, nrook_loot_triangle, chequers_serial_rivers_micro_a,
          uniq_prince_ribbit1
Temple:   regret_index_temple_sphere_string

Notes
Turn   | Place    | Note
-------+----------+-------------------------------------------
     0 | D:1      | kae the Gargoyle Earth Elementalist began the quest for the
                  | Orb.
     0 | D:1      | Reached XP level 1. HP: 10/10 MP: 3/3
     0 | D:1      | magus.rc [v1.11.3]
   316 | D:1      | Reached XP level 2. HP: 15/15 MP: 1/5
   379 | D:1      | Reached skill level 4 in Earth Magic
   726 | D:1      | Reached skill level 2 in Conjurations
   754 | D:1      | Reached XP level 3. HP: 19/19 MP: 4/6
   758 | D:1      | Learned a level 3 spell: Stone Arrow
   994 | D:2      | Noticed Jessica
  1059 | D:2      | Killed Jessica
  1060 | D:2      | Reached XP level 4. HP: 24/24 MP: 4/7
  1399 | D:2      | Found the +0 mask of the Dragon {Will+ Slay+3 SInv}
  1685 | D:3      | Reached skill level 3 in Spellcasting
  1685 | D:3      | Reached skill level 3 in Conjurations
  1685 | D:3      | Reached skill level 5 in Earth Magic
  1685 | D:3      | Reached XP level 5. HP: 16/28 MP: 1/9
  2296 | D:3      | You pick up a book of Blasting and begin reading...
  2296 | D:3      | You add the spells Volatile Blastmotes, Fulminant Prism and
                  | Iskenderun's Mystic Blast to your library.
  2304 | D:3      | You fall into a shaft and drop 2 floors!
  2304 | D:5      | Entered Level 5 of the Dungeon
  2436 | D:4      | Reached XP level 6. HP: 32/32 MP: 7/11
  2747 | D:3      | Found a faded altar of an unknown god.
  2774 | D:3      | Reached skill level 4 in Conjurations
  3338 | D:4      | Found a broken altar of Ashenzari.
  4048 | D:4      | Reached skill level 4 in Spellcasting
  4048 | D:4      | Reached skill level 6 in Earth Magic
  4435 | D:5      | Noticed an orc warrior
  4466 | D:5      | Reached XP level 7. HP: 30/36 MP: 10/13
  4689 | D:5      | Reached skill level 5 in Conjurations
  4806 | D:5      | Found a glowing silver altar of Zin.
  5260 | D:5      | Found a staircase to the Ecumenical Temple.
  5267 | D:5      | Reached skill level 7 in Earth Magic
  5267 | D:5      | Reached XP level 8. HP: 25/41 MP: 2/15
  5277 | Temple   | Entered the Ecumenical Temple
  5503 | D:5      | Reached skill level 5 in Spellcasting
  5884 | D:6      | Reached skill level 6 in Conjurations
  5947 | D:6      | Found a glowing drain.
  5956 | Sewer    | Entered a sewer
  6438 | Sewer    | Reached skill level 8 in Earth Magic
  6662 | D:6      | Learned a level 4 spell: Brom's Barrelling Boulder
  6667 | D:6      | Learned a level 4 spell: Petrify
  6671 | D:6      | Learned a level 3 spell: Passwall
  6981 | D:5      | Reached skill level 6 in Spellcasting
  6983 | D:5      | Reached skill level 7 in Conjurations
  7099 | D:6      | Reached XP level 9. HP: 45/45 MP: 11/18
  7287 | D:6      | Found a stormy altar of Qazlal.
  7291 | D:6      | Found a shimmering blue altar of Sif Muna.
  7407 | D:6      | HP: 1/45 [steam dragon] (12)]
  7407 | D:6      | Slain by a steam dragon

Vanquished Creatures
  2 orc warriors (D:5)
  An ice beast (D:5)
  2 crocodiles (Sewer)
  2 ogres
  A gnoll sergeant (D:6)
  2 scorpions
  A wight (D:6)
  2 howler monkeys (D:5)
  A hound (D:5)
  An orc priest (D:3)
  A jelly (D:6)
  3 iguanas
  Jessica (D:2)
  A gnoll bouda (D:6)
  A sickly merfolk siren (Sewer)
  5 orc wizards
  A malarious merfolk avatar (Sewer)
  15 gnolls
  7 adders
  A river rat (Sewer)
  A white imp (D:5)
  2 ufetubi (D:6)
  A dart slug (D:1)
  5 ribbon worms
  22 orcs
  14 ball pythons
  6 endoplasms
  17 giant cockroaches
  5 hobgoblins
  2 jackals (D:1)
  6 quokkas
  8 bats
  4 frilled lizards
  3 goblins
  7 kobolds
  17 rats (Sewer)
171 creatures vanquished.

Vanquished Creatures (others)
  A bombardier beetle (D:4)
1 creature vanquished.

Grand Total: 172 creatures vanquished

Table legend:
 A = Non-vault XP
 B = Vault XP
 C = Vault XP percentage of total XP
 D = Non-vault monster count
 E = Vault monster count
 F = Vault count percentage of total count
                 A         B        C        D         E       F
            +---------+---------+-------+---------+---------+-------
      Total |    1969 |     528 |  21.1 |     126 |      46 |  26.7
            +---------+---------+-------+---------+---------+-------
        D:1 |      36 |       0 |   0.0 |      22 |       0 |   0.0
        D:2 |      39 |      59 |  60.2 |      13 |      12 |  48.0
        D:3 |     219 |       0 |   0.0 |      35 |       0 |   0.0
        D:4 |     268 |       0 |   0.0 |      19 |       0 |   0.0
        D:5 |     899 |       0 |   0.0 |      16 |       0 |   0.0
        D:6 |     508 |      93 |  15.5 |      21 |       2 |   8.7
      Sewer |       0 |     376 | 100.0 |       0 |      32 | 100.0
            +---------+---------+-------+---------+---------+-------

Skill      XL: |  1  2  3  4  5  6  7  8 |
---------------+-------------------------+-----
Earth Magic    | 4 5 6 7 8 |  8.6
Conjurations   | 2 3 4 5 7 |  7.2
Spellcasting   | 3 4 6 |  6.2
Dodging        | |  1.5
Stealth        | |  2.1

Action                     |  1- 3 |  4- 6 |  7- 9 || total
---------------------------+-------+-------+-------++-------
  Melee: Unarmed           |    10 |    19 |     3 ||    32
   Cast: Sandblast         |    44 |   130 |    80 ||   254
         Stone Arrow       |       |       |    48 ||    48
    Use: Scroll            |     2 |     9 |     2 ||    13
 Armour: Robe              |    25 |    28 |    41 ||    94
  Dodge: Dodged            |    11 |    42 |    58 ||   111
  Block: Other             |       |    12 |    15 ||    27
         Reflection        |       |     2 |     1 ||     3

Illustrated notes

Table legend:
 A = Kills in this place as a percentage of kills in the entire game.
 B = Kills by you in this place as a percentage of kills by you in the entire game.
 C = Kills by friends in this place as a percentage of kills by friends in the entire game.
 D = Other kills in this place as a percentage of other kills in the entire game.
 E = Experience gained in this place as a percentage of experience gained in the entire game.
 F = Experience gained in this place divided by the number of levels of this place that you have seen.
                   A       B       C       D       E      F
               +-------+-------+-------+-------+-------+----------------------
         Total | 100.0 | 100.0 |   N/A | 100.0 | 100.0 | 277.4
       Dungeon |  81.4 |  81.3 |   N/A | 100.0 |  84.9 | 303.0
         Sewer |  18.6 |  18.7 |   N/A |   0.0 |  15.1 | 376.0
               +-------+-------+-------+-------+-------+----------------------

Table legend: (Time is in decaauts)
 A = Elapsed time spent in this place.
 B = Non-inter-level travel time spent in this place.
 C = Inter-level travel time spent in this place.
 D = Time resting spent in this place.
 E = Time spent auto-exploring this place.
 F = Levels seen in this place.
 G = Mean time per level.
                   A        B        C        D        E       F      G
               +--------+--------+--------+--------+--------+-----+--------+
         Total |   7591 |   7370 |    221 |    488 |   5721 |   9 |  843.4 |
       Dungeon |   6765 |   6546 |    219 |    412 |   5172 |   7 |  966.4 |
        Temple |     58 |     57 |      1 |      0 |     57 |   1 |   58.0 |
         Sewer |    767 |    767 |      0 |     76 |    492 |   1 |  767.0 |
               +--------+--------+--------+--------+--------+-----+--------+

Top non-repeatable levels by time:
     D:4: 1497 daAuts
     D:5: 1488 daAuts
     D:3: 1243 daAuts
     D:1: 898 daAuts
     D:2: 886 daAuts
   Sewer: 767 daAuts
     D:6: 747 daAuts
  Temple: 58 daAuts
     D:7: 2 daAuts
